 Dungeon Crawl Stone Soup version 0.24.0-123-gd5b16e6ec5 (webtiles) character file.

Game seed: 221985112956052837, levelgen mode: deterministic

223 Freitmort the Firebug (level 5, -3/29 HPs)
             Began as a Deep Elf Fire Elementalist on Feb 10, 2020.
             Killed from afar by an orc wizard (10 damage)
             ... with a puff of frost
             ... on level 2 of the Dungeon.
             The game lasted 00:14:27 (3069 turns).

Freitmort the Firebug (Deep Elf Fire Elementalist)  Turns: 3069, Time: 00:14:27

Health: -3/29      AC:  5    Str:  6    XL:     5   Next: 66%
Magic:  8/14       EV: 13    Int: 20    God:
Gold:   167        SH:  0    Dex: 15    Spells: 10/13 levels left

rFire    . . .     SeeInvis .   b - +0 short sword
rCold    . . .     Gourm    .   (no shield)
rNeg     . . .     Faith    .   a - +0 robe
rPois    .         Spirit   .   (no helmet)
rElec    .         Reflect  .   (no cloak)
rCorr    .         Harm     .   (no gloves)
MR       .....                  (no boots)
Stlth    ++........             (no amulet)
HPRegen  0.09/turn              (no ring)
MPRegen  0.14/turn              g - +3 ring of protection

@: no status effects
A: no striking features
a: no special abilities


You were on level 2 of the Dungeon.
You were very hungry.

You visited 1 branch of the dungeon, and saw 3 of its levels.

You collected 167 gold pieces.

Inventory:

Hand Weapons
 b - a +0 short sword (weapon)
Armour
 a - a +0 robe (worn)
Jewellery
 e - an uncursed ring of stealth {unknown}
 g - a +3 ring of protection (right hand)
Scrolls
 h - a scroll of identify
 i - a scroll of fear
Potions
 d - 3 potions of heal wounds {unknown}
 f - a potion of curing {unknown}
 j - 2 potions of haste {unknown}
 k - a potion of lignification {unknown}
Comestibles
 c - 3 rations


   Skills:
 + Level 1.0 Fighting
 + Level 2.6 Dodging
 + Level 3.6 Stealth
 + Level 4.7 Spellcasting
 + Level 2.2 Conjurations
 + Level 5.0 Fire Magic


You had 10 spell levels left.
You knew the following spells:

 Your Spells              Type           Power        Failure   Level  Hunger
a - Flame Tongue          Conj/Fire      ###..        2%          1    None
b - Throw Flame           Conj/Fire      ###...       4%          2    #......

Your spell library contained the following spells:

 Spells                   Type           Power        Failure   Level  Hunger
 Conjure Flame            Conj/Fire      ###.....     8%          3    ##.....
 Inner Flame              Hex/Fire       ##......     13%         3    ##.....
 Sticky Flame             Conj/Fire      ###.....     26%         4    ####...
 Fireball                 Conj/Fire      ###.......   58%         5    ######.


Dungeon Overview and Level Annotations

Branches:
Dungeon (3/15)

Altars:


Message History

The puff of flame hits you!
* * * LOW HITPOINT WARNING * * *
The orc priest calls upon Beogh to heal the orc wizard.
The orc wizard is healed somewhat.
The orc wizard misses you.
The orc priest casts a cantrip, but nothing happens.
You climb upwards.
There is a stone staircase leading down here.
Okay, then.
Casting: Flame Tongue (safe; 2% risk of failure)
Confirm with . or Enter, or press ? or * to list all spells.
Aiming: Flame Tongue (safe; 2% risk of failure)
Press: ? - help, Shift-Dir - straight line, f - orc wizard
Aim: an orc wizard, wielding a +0 dagger and wearing a +0 robe (moderately wounded, fast)
The flame tongue hits the orc wizard.
The orc wizard is severely wounded.
The orc wizard misses you.
The orc wizard gestures at you while chanting.
The puff of frost hits you!
You die...

########....# #.#.#.###.##.#
#...........#####.#.#........#
#.#####.....#.................
#.#.# #........##.#...........
#.#.###........##.#######.###.
#)#.....##.....##.#.......###.
##.#.#########'###.#.#######...
#.............o......# ###...#.
####.#####....@....#####)......
#.# #.#########.(†.)...... #.#
#.# ###..)##.#...... #.# #.#
###...#..#.....#.. #.#
#.###........##....... #.#
#.............#....... #.#
#.##.#........##...... #.#
#..#.....#.....#..#...
####.######.##........#.##...##


You could see an orc wizard.

Vanquished Creatures
  Jessica (D:2)
  Natasha (thrice) (D:2)
  3 adders (D:2)
  3 oozes (D:1)
  2 worms (D:2)
  3 dart slugs
  A leopard gecko (D:1)
  An orc (D:3)
  6 giant cockroaches
  12 goblins
  4 hobgoblins
  A jackal (D:2)
  9 kobolds
  A quokka (D:2)
  7 bats
  7 frilled lizards
  10 rats
74 creatures vanquished.

Notes
Turn   | Place    | Note
-------+----------+-------------------------------------------
     0 | D:1      | Freitmort the Deep Elf Fire Elementalist began the quest
                  | for the Orb.
     0 | D:1      | Reached XP level 1. HP: 10/10 MP: 6/6
   144 | D:1      | Reached XP level 2. HP: 15/15 MP: 5/8
   174 | D:1      | Learned a level 2 spell: Throw Flame
   445 | D:1      | Reached skill level 4 in Fire Magic
   614 | D:1      | Reached XP level 3. HP: 19/19 MP: 5/9
  1526 | D:2      | Noticed Jessica
  1530 | D:2      | Killed Jessica
  1530 | D:2      | Reached XP level 4. HP: 24/24 MP: 9/12
  2521 | D:2      | Noticed Natasha
  2523 | D:2      | Killed Natasha
  2523 | D:2      | Reached skill level 1 in Fighting
  2523 | D:2      | Reached XP level 5. HP: 29/29 MP: 10/13
  2708 | D:2      | Noticed Natasha
  2715 | D:2      | Killed Natasha
  2954 | D:2      | Noticed Natasha
  2957 | D:2      | Killed Natasha
  2957 | D:2      | Reached skill level 5 in Fire Magic
  3069 | D:2      | Killed from afar by an orc wizard

Levels and vault maps discovered:
D:1:      erik_arrival_gehennom, layout_basic
D:2:      minmay_skewed_foursquare, layout_basic, minmay_guardbox, uniq_natasha,
          uniq_jessica
D:3:      layout_loops_ring, first_ration

Skill      XL: |  1  2  3  4  5 |
---------------+----------------+-----
Fire Magic     | 4 5 |  5.0
Stealth        | 3 |  3.6
Spellcasting   | 4 |  4.7
Conjurations   | 2 |  2.2
Fighting       | 1 |  1.0
Dodging        | |  2.6

Action                   |  1- 3 |  4- 6 || total
-------------------------+-------+-------++-------
 Cast: Flame Tongue      |    51 |    68 ||   119
       Throw Flame       |       |    15 ||    15
  Use: Scroll            |     3 |     1 ||     4
  Eat: Chunk             |     1 |     4 ||     5
Armor: Robe              |     3 |     3 ||     6
Dodge: Dodged            |     5 |    16 ||    21
